[Event "*** Titled Tuesday Blitz"]
[Site "Chess.com"]
[Date "2021.03.09"]
[Round "2"]
[White "masrahi"]
[Black "freshfoodcompany"]
[Result "0-1"]
[WhiteElo "2209"]
[BlackElo "2449"]
[TimeControl "180+1"]
[EndTime "10:17:27 PST"]
[Termination "freshfoodcompany won by checkmate"]

1. d4 d5 2. Bf4 c5 3. e3 Nc6 4. c3 Bf5 5. Nd2 e6 6. Ngf3 Bd6 7. Bg3 Nf6 8. Be2 O-O 9. Ne5 Ne4 10. Nxe4 Bxe4 11.
f3 Bg6 12. Nxc6 bxc6 13. Bxd6 Qxd6 14. O-O cxd4 15. exd4 c5 16. c4 dxc4 17. Bxc4 Qxd4+ 18. Qxd4 cxd4 19. Rad1 Rfd8 20. Bd3 Rd6 21. Bxg6 hxg6 22.
Rd3 Rad8 23. Rfd1 e5 24. Kf2 f5 25. Re1 Re6 26. Red1 Kf7 27. f4 Rb8 28. b3 exf4 29. Rxd4 Rbe8 30. R1d2 g5 31. h4 Kf6 32. hxg5+ Kxg5 33.
Ra4 R8e7 34. Ra5 Kf6 35. Rdd5 Re2+ 36. Kg1 Re1+ 37. Kh2 g6 38. Ra6+ Kg5 39. Rdd6 Rh7# 0-1

[Event "*** Titled Tuesday Blitz"]
[Site "Chess.com"]
[Date "2021.03.09"]
[Round "2"]
[White "Blitzstream"]
[Black "ajdemipopushi"]
[Result "1-0"]
[WhiteElo "2743"]
[BlackElo "2345"]
[TimeControl "180+1"]
[EndTime "10:17:28 PST"]
[Termination "Blitzstream won on time"]

1. e4 c5 2. Nf3 g6 3. h4 h5 4. Bc4 Nc6 5. O-O Bg7 6. c3 e6 7. d4 cxd4 8. cxd4 d5 9. exd5 exd5 10. Bb3 Bg4 11. Nc3 Nge7 12. Bg5 Qd7 13. Qd3 Bxf3 14.
Qxf3 Nxd4 15. Qd1 Nxb3 16. Qxb3 f6 17. Be3 O-O 18. Bc5 Rfe8 19. Bxe7 Rxe7 20. Nxd5 Rf7 21. Rac1 Kh7 22. Rc7 Qe8 23. Nxf6+ Rxf6 24. Qxb7 1-0

[Event "*** Titled Tuesday Blitz"]
[Site "Chess.com"]
[Date "2021.03.09"]
[Round "2"]
[White "Nozdrachev_Vladislav"]
[Black "Cherone"]
[Result "1-0"]
[WhiteElo "2707"]
[BlackElo "2490"]
[TimeControl "180+1"]
[EndTime "10:17:29 PST"]
[Termination "Nozdrachev_Vladislav won by resignation"]

1. e4 d6 2. d4 Nf6 3. Nc3 e5 4. Nge2 c6 5. a4 b6 6. d5 Bb7 7.
Ng3 cxd5 8. exd5 g6 9. Bb5+ Nbd7 10. O-O Bg7 11. Nge4 Nxe4 12. Nxe4 Qc7 13. Ra3 a6 14.
Rc3 Qb8 15. Bc6 Ra7 16. Be3 Bc8 17. a5 O-O 18. axb6 Nxb6 19. Rb3 Re7 20. Bxb6 Bf5 21.
Bc5 Qxb3 22. cxb3 dxc5 23. Nxc5 e4 24. d6 Re5 25. b4 a5 26. d7 axb4 27. d8=Q 1-0

[Event "*** Titled Tuesday Blitz"]
[Site "Chess.com"]
[Date "2021.03.09"]
[Round "2"]
[White "kingofthenil"]
[Black "Haykoooo0o"]
[Result "1-0"]
[WhiteElo "2805"]
[BlackElo "2519"]
[TimeControl "180+1"]
[EndTime "10:17:30 PST"]
[Termination "kingofthenil won by resignation"]

1. e4 c5 2. d3 e6 3. g3 Nc6 4.
Bg2 Nge7 5. f4 d6 6. Nf3 g6 7.
O-O Bg7 8. c3 O-O 9. Be3 b6 10.
d4 cxd4 11. cxd4 d5 12. e5 Nf5 13. Bf2 Ba6 14. Re1 Rc8 15. Nc3 Nb4 16. Qa4 Rc4 17. a3 b5 18. Qd1 Nc6 19. Bf1 Qb6 20. Bxc4 bxc4 21. Qd2 Qb3 22. g4 Nfe7 23. Bh4 Rb8 24. Rab1 Nc8 25. f5 Nb6 26. Bf6 Bf8 27. Ng5 Re8 28.
Rf1 Nd7 29. Rf3 Nxd4 30. Rh3 exf5 31. Qxd4 Bc5 32. Qxc5 Nxc5 33. Rxh7 1-0

[Event "*** Titled Tuesday Blitz"]
[Site "Chess.com"]
[Date "2021.03.09"]
[Round "2"]
[White "Joseacorrea"]
[Black "stoleriu"]
[Result "0-1"]
[WhiteElo "2092"]
[BlackElo "2603"]
[TimeControl "180+1"]
[EndTime "10:17:32 PST"]
[Termination "stoleriu won on time"]

1. c4 e5 2. Nc3 Nc6 3. g3 g6 4. Bg2 Bg7 5. e3 d6 6. Nge2 h5 7. h3 Nf6 8. O-O Be6 9. b3 Qd7 10. Kh2 h4 11. g4 Bxg4 12. hxg4 Nxg4+ 13. Kh1 h3 14. Bf3 O-O-O 15. Bxg4 Qxg4 16. Ng3 Qe6 17. Nd5 e4 18. Nf4 Qd7 19. Rb1 g5 20. Nd5 f5 21. b4 Ne5 22. Nxf5 Rdf8 23. Nxg7 Qxg7 24. Bb2 g4 25. Bxe5 dxe5 26. Rg1 Rf3 27. Qa4 Rxf2 28. Qxa7 g3 29. Qa8+ Kd7 30. Qa4+ c6 31. Nb6+ Kc7 0-1

[Event "*** Titled Tuesday Blitz"]
[Site "Chess.com"]
[Date "2021.03.09"]
[Round "2"]
[White "Chopper1905"]
[Black "Malev212"]
[Result "1-0"]
[WhiteElo "2925"]
[BlackElo "2569"]
[TimeControl "180+1"]
[EndTime "10:17:34 PST"]
[Termination "Chopper1905 won by resignation"]

1. d4 Nf6 2. c4 d6 3. Nf3 Nbd7 4. Nc3 g6 5. e4 e5 6. Be2 Bg7 7. O-O O-O 8. Be3 h6 9. dxe5 dxe5 10. Qc1 Kh7 11. Rd1 Qe7 12. Nd5 Qd8 13. Nxf6+ Qxf6 14. c5 c6 15. h4 Qe7 16. h5 Nf6 17. hxg6+ fxg6 18. Qc2 Ng4 19. Bd2 Be6 20. b4 g5 21. Bc3 Rf4 22. Rd6 Raf8 23. Rad1 Bc8 24. a4 Nxf2 25. Kxf2 g4 26. Rh1 gxf3 27. Bxf3 Qf7 28. Qe2 Bg4 29. Rd3 h5 30. Bd2 Rf6 31. Ke1 Bxf3 32. gxf3 Bh6 33. Bxh6 Rxh6 34. Qd2 Kh8 35. Qxh6+ 1-0

[Event "*** Titled Tuesday Blitz"]
[Site "Chess.com"]
[Date "2021.03.09"]
[Round "2"]
[White "axvesik"]
[Black "politeplayer"]
[Result "1-0"]
[WhiteElo "2525"]
[BlackElo "2290"]
[TimeControl "180+1"]
[EndTime "10:17:36 PST"]
[Termination "axvesik won by resignation"]

1. e4 e5 2. Nf3 Nf6 3. Nxe5 d6 4. Nf3 Nxe4 5. Nc3 Nxc3 6. dxc3 Be7 7. Bf4 O-O 8. Qd2 Nd7 9. O-O-O Nc5 10. Nd4 Bf6 11. Kb1 Re8 12. f3 Ne6 13. Nxe6 Bxe6 14. Bd3 Qd7 15.
g4 Qa4 16. a3 b5 17. g5 Bxc3 18. Qxc3 Qxf4 19. Bxb5 Rec8 20. Bc6 Rab8 21. h4 Rb6 22. Rd4 Qf5 23. Be4 Qb5 24. h5 c5 25. Rd2 d5 26.
Bxd5 Rd8 27. h6 f6 28. Bxe6+ 1-0

[Event "*** Titled Tuesday Blitz"]
[Site "Chess.com"]
[Date "2021.03.09"]
[Round "2"]
[White "Trickov"]
[Black "igorkovalenko"]
[Result "0-1"]
[WhiteElo "2363"]
[BlackElo "2938"]
[TimeControl "180+1"]
[EndTime "10:17:38 PST"]
[Termination "igorkovalenko won on time"]

1. d4 Nf6 2. Nf3 b6 3. g3 Bb7 4. Bg2 g6 5. O-O Bg7 6. c4 O-O 7. Nc3 Ne4 8. Qc2 Nxc3 9. bxc3 c5 10. e4 Nc6 11. Be3 d6 12. Rfd1 Qc7 13. Rac1 Na5 14. Qe2 Bxe4 15. d5 Rae8 16. Re1 Bf5 17. h3 Bc8 18.
Rcd1 Qd7 19. Bg5 f6 20. Bc1 Qa4 21. Bf1 Bd7 22. Bf4 a6 23. Rb1 b5 24. cxb5 axb5 25. Qd2 Nc4 26. Qd3 h6 27. Rec1 g5 28. Bd2 f5 29. Be1 f4 30. Qd1 Qxd1 31. Rxd1 fxg3 32. Nd2 gxf2+ 33. Bxf2 Nxd2 34. Rxd2 Bxc3 35. Re2 b4 36. Rc2 Bf5 37. Rbc1 Bxc2 38. Rxc2 Rf4 39. a3 Ref8 40. axb4 Bd4 0-1

[Event "*** Titled Tuesday Blitz"]
[Site "Chess.com"]
[Date "2021.03.09"]
[Round "2"]
[White "jens1102"]
[Black "TimKett"]
[Result "1-0"]
[WhiteElo "2425"]
[BlackElo "2187"]
[TimeControl "180+1"]
[EndTime "10:17:39 PST"]
[Termination "jens1102 won by resignation"]

1. e4 e5 2. Nf3 Nc6 3. Bb5 a6 4. Ba4 f5 5. d3 fxe4 6. dxe4 Nf6 7. O-O Bc5 8. Bxc6 bxc6 9. Nxe5 O-O 10. Nd3 Nxe4 11.
Nc3 Nxc3 12. bxc3 Bb6 13. Ba3 d6 14. c4 Bd4 15. Rb1 Be6 16. Nb4 Qh4 17. g3 Qf6 18. Qe2 Bh3 19. Nxc6 Bxf1 20. Rxf1 Rae8 21.
Qd2 Bc5 22. Bxc5 dxc5 23. Qd5+ Re6 24. f4 Kh8 25. Ne5 g5 26. Nd7 Qe5 1-0

[Event "*** Titled Tuesday Blitz"]
[Site "Chess.com"]
[Date "2021.03.09"]
[Round "2"]
[White "Luibov_AN"]
[Black "kuhlmann"]
[Result "0-1"]
[WhiteElo "2109"]
[BlackElo "2405"]
[TimeControl "180+1"]
[EndTime "10:17:40 PST"]
[Termination "kuhlmann won by resignation"]

1. d4 a5 2. a3 g6 3. Nf3 Bg7 4. e4 d6 5. c3 Nd7 6. Qc2 e5 7. dxe5 dxe5 8. Bg5 Ngf6 9. Nbd2 a4 10. Bc4 c6 11.
Ba2 O-O 12. Rd1 Qe7 13. c4 Nc5 14. Kf1 h6 15. Be3 Nfd7 16. h3 Nb6 17. Nb1 Be6 18.
Kg1 Rfd8 19. Kh2 Kh7 20. Rhe1 Nbd7 21. Nfd2 f5 22. f3 Bf6 23. Bf2 Bh4 24. g3 Bg5 25. Nc3 f4 26. g4 Bh4 27. Bxc5 Nxc5 28. Re2 Rd7 29. b3 axb3 30. Nxb3 Rad8 31. Nxc5 Qxc5 32.
Red2 Rd4 33. Ne2 Rxd2 34. Rxd2 Rxd2 35. Qxd2 Qxa3 36. Bb1 Qe3 37. Qb2 Qf2+ 38. Kh1 Bg3 39. Qxb7+ Kg8 40. Qb8+ Kh7 41. Qc7+ Kg8 42. Qb8+ Kf7 43.
Qc7+ Kf8 44. Qd6+ Kf7 45. Nxg3 fxg3 46. Qc7+ Kf6 47. Qd8+ Kg7 48. Qc7+ Bf7 49. Qxe5+ Kh7 0-1

[Event "*** Titled Tuesday Blitz"]
[Site "Chess.com"]
[Date "2021.03.09"]
[Round "2"]
[White "Eloist"]
[Black "ENajer77"]
[Result "0-1"]
[WhiteElo "2326"]
[BlackElo "2615"]
[TimeControl "180+1"]
[EndTime "10:17:41 PST"]
[Termination "ENajer77 won by resignation"]

1. e4 c6 2. Nf3 d5 3. Nc3 Bg4 4.
d4 e6 5. Bd3 Nd7 6. h3 Bh5 7.
O-O Bd6 8. Re1 Ne7 9. Bg5 h6 10. Bxe7 Bxe7 11. exd5 exd5 12. g4 Bg6 13. Bxg6 fxg6 14.
Qe2 O-O 15. Qxe7 Rxf3 16. Kg2 Rf7 17. Qd6 g5 18. Re3 Nf8 19. Qxd8 Rxd8 20. Rae1 Rdd7 21.
Re8 Kh7 22. R1e3 Ng6 23. Ne2 Nh4+ 24. Kg3 Ng6 25. c3 Rf6 26. R3e7 Rxe7 27. Rxe7 Nxe7 0-1

[Event "*** Titled Tuesday Blitz"]
[Site "Chess.com"]
[Date "2021.03.09"]
[Round "2"]
[White "Nemsko"]
[Black "Deepweb2020"]
[Result "1-0"]
[WhiteElo "2279"]
[BlackElo "2460"]
[TimeControl "180+1"]
[EndTime "10:17:41 PST"]
[Termination "Nemsko won by resignation"]

1. e4 c6 2. d4 d5 3. e5 c5 4.
dxc5 Bf5 5. Nf3 e6 6. Be3 Nd7 7. c3 Ne7 8. b4 Nc6 9. Bd4 Qc7 10.
Bb5 Be7 11. O-O O-O 12. Re1 Be4 13. Nbd2 Bg6 14. a3 a6 15. Ba4 a5 16. Bc2 b6 17.
cxb6 Nxb6 18. Bxg6 fxg6 19. Qe2 g5 20. h3 Rf5 21. Nf1 Raf8 22. Ng3 Rf4 23. Be3 Rxf3 24. gxf3 Nxe5 25. Bxb6 Qd6 26. Qxe5 1-0

[Event "*** Titled Tuesday Blitz"]
[Site "Chess.com"]
[Date "2021.03.09"]
[Round "2"]
[White "Caracternin123"]
[Black "andrewtnb"]
[Result "0-1"]
[WhiteElo "2573"]
[BlackElo "2325"]
[TimeControl "180+1"]
[EndTime "10:17:43 PST"]
[Termination "andrewtnb won by checkmate"]

1. e4 c6 2. d4 d5 3. e5 c5 4. c3 cxd4 5. cxd4 Nc6 6. Nc3 Bf5 7. g4 Bc8 8. f4 h5 9. f5 hxg4 10. Qxg4 Nh6 11. Bxh6 Rxh6 12. Nge2 g6 13. e6 gxf5 14. exf7+ Kxf7 15. Qf3 e6 16. O-O-O Bd7 17. Nf4 Qf6 18.
Bb5 Bd6 19. Ncxd5 exd5 20. Qxd5+ Kf8 21. Rdf1 Qxd4 22. Bxc6 Bxf4+ 23. Kb1 Qxd5 24. Bxd5 Be5 25. Rhg1 Ke7 26. Re1 Kf6 27. Bxb7 Rb8 28. Ba6 Rxb2+ 29. Kc1 Rhxh2 30. Rg8 Bf4+ 31. Kd1 Rb1# 0-1

[Event "*** Titled Tuesday Blitz"]
[Site "Chess.com"]
[Date "2021.03.09"]
[Round "2"]
[White "McCarthyStone"]
[Black "KarateBaby"]
[Result "0-1"]
[WhiteElo "2427"]
[BlackElo "2221"]
[TimeControl "180+1"]
[EndTime "10:17:43 PST"]
[Termination "KarateBaby won by resignation"]

1. b3 g6 2. Bb2 Nf6 3. Bxf6 exf6 4. c4 d5 5. Nc3 d4 6. Nd5 c6 7. Nf4 c5 8. g3 Bg7 9. d3 f5 10. Bg2 O-O 11. h4 h6 12. Ngh3 Nc6 13. a3 a5 14. Qd2 Be6 15. O-O Rc8 16. Nxe6 fxe6 17. Nf4 Qe8 18. Nxe6 Rf6 19. Nxg7 Kxg7 20. Rfe1 Qe7 21. Bxc6 Rcxc6 22. Qxa5 Rfe6 23. Qd2 Re5 24. b4 b6 25. b5 Rce6 26. Ra2 g5 27. hxg5 hxg5 28.
a4 Rh6 29. Kg2 Qb7+ 30. f3 Re3 31. Rh1 g4 32. Rxh6 gxf3+ 33. Kf2 Kxh6 34. a5 fxe2 35.
Qc1 Qf3+ 36. Ke1 Qf1+ 0-1

[Event "*** Titled Tuesday Blitz"]
[Site "Chess.com"]
[Date "2021.03.09"]
[Round "2"]
[White "Shuvalov"]
[Black "GregShahade"]
[Result "1/2-1/2"]
[WhiteElo "2518"]
[BlackElo "2742"]
[TimeControl "180+1"]
[EndTime "10:17:45 PST"]
[Termination "Game drawn by repetition"]

1. Nf3 Nf6 2. c4 g6 3. Nc3 d5 4. d4 Bg7 5. h4 O-O 6. cxd5 Nxd5 7.
h5 c5 8. hxg6 hxg6 9. Bh6 Nxc3 10. bxc3 Bxh6 11. Rxh6 cxd4 12. cxd4 Qa5+ 13. Qd2 Qxd2+ 14.
Kxd2 Nc6 15. e3 Kg7 16. Rh4 Be6 17. Ng5 Rh8 18. Nxe6+ fxe6 19. Re4 Raf8 20. f4 Kf6 21.
Bc4 Nd8 22. Re5 Rh2 23. Rg5 Nf7 24. Rg3 Nd6 25. Bd3 Nf5 26. Rg5 Rfh8 27. Rb1 b6 28. a4 R8h5 29. Rg4 R5h4 30. Rg5 Rh5 31. Rg4 R5h4 32.
Rg5 Rh5 1/2-1/2

[Event "*** Titled Tuesday Blitz"]
[Site "Chess.com"]
[Date "2021.03.09"]
[Round "2"]
[White "Margency"]
[Black "Kislov_Oleg"]
[Result "1-0"]
[WhiteElo "2699"]
[BlackElo "2487"]
[TimeControl "180+1"]
[EndTime "10:17:45 PST"]
[Termination "Margency won by resignation"]

1. e4 e6 2. d4 d5 3. exd5 exd5 4. c4 Nf6 5. Nc3 Bb4 6. Bd3 O-O 7. Ne2 Re8 8. O-O dxc4 9. Bxc4 Be6 10. Bxe6 Rxe6 11. d5 Rd6 12. Bf4 Rd7 13. Qb3 Na6 14. Rad1 Bxc3 15. Nxc3 Nc5 16. Qc4 b6 17. b4 Nb7 18.
Bg5 h6 19. Bh4 Nd6 20. Qc6 g5 21. Bg3 a5 22. a3 Qf8 23. Be5 Ng4 24. Qxd7 Nxe5 25. Qxc7 Rc8 26. Qxb6 Rxc3 27. Qxa5 Ndc4 28. Qc5 Rxa3 29. d6 Qd8 30. Rfe1 f6 31. d7 Ra7 32. Qxa7 Kg7 33. Qc5 Kg6 34. Qc8 Nf7 35. Qxd8 1-0

[Event "*** Titled Tuesday Blitz"]
[Site "Chess.com"]
[Date "2021.03.09"]
[Round "2"]
[White "ValeriyGrinev"]
[Black "semchik73"]
[Result "1-0"]
[WhiteElo "2567"]
[BlackElo "2276"]
[TimeControl "180+1"]
[EndTime "10:17:46 PST"]
[Termination "ValeriyGrinev won by resignation"]

1. c4 e5 2. g3 Nf6 3. Bg2 d5 4.
cxd5 Nxd5 5. Nf3 Nc6 6. O-O Be7 7.
d4 e4 8. Ne5 f5 9. Nxc6 bxc6 10.
Qa4 Bd7 11. Nc3 O-O 12. Nxd5 cxd5 13. Qa5 c6 14. Qxd8 Rfxd8 15. Bf4 Be8 16. Rfc1 Bd6 17. Bxd6 Rxd6 18. e3 Rb8 19. Rc2 Rb6 20. Rac1 Rd8 21.
b3 Rdb8 22. Rc5 Rb5 23. Bf1 Rb4 24. Ra5 R8b7 25. Ba6 R7b6 26. Bc8 a6 27. Bxa6 Bd7 28.
Be2 Rb8 29. Ra7 R4b7 30. Rxb7 Rxb7 31. Kf1 Ra7 32. Rc2 Kf7 33. Ke1 Ke6 34. h4 Kd6 35. Kd2 Ra8 36. Kc1 g6 37. Kb2 h6 38.
a4 g5 39. hxg5 hxg5 40. Ka3 Rh8 41. a5 Rh1 42. a6 Kc7 43. Ra2 Kb6 44. Kb4 Rh8 45.
a7 Ra8 46. Ra6+ Kb7 47. Kc5 Rxa7 48. Rxa7+ Kxa7 49. Kd6 Be8 50. Ke6 f4 51. gxf4 gxf4 52. exf4 Kb6 53. b4 Kc7 54. Ke7 Bd7 55. Bh5 Bf5 56.
Be8 Kb6 57. Bd7 Bh7 58. Kd6 Kb5 59. Bxc6+ Kxb4 60. Bxd5 Kc3 61. Ke5 Kd2 62. Bxe4 Bg8 63. f5 Ke2 64. Bd5 Kxf2 65. Bxg8 1-0

[Event "*** Titled Tuesday Blitz"]
[Site "Chess.com"]
[Date "2021.03.09"]
[Round "2"]
[White "klimkoj"]
[Black "halldorgretar"]
[Result "1-0"]
[WhiteElo "2608"]
[BlackElo "2243"]
[TimeControl "180+1"]
[EndTime "10:17:47 PST"]
[Termination "klimkoj won by checkmate"]

1. e4 c5 2. Nf3 Nc6 3. d4 cxd4 4.
Nxd4 Nf6 5. Nc3 e5 6. Ndb5 d6 7. a4 a6 8. Na3 Be6 9. Bg5 Be7 10. Bc4 Nxe4 11. Nxe4 d5 12. Bxe7 Nxe7 13. Ng5 Qa5+ 14. Qd2 Qxd2+ 15. Kxd2 dxc4 16. Nxe6 fxe6 17. Nxc4 O-O-O+ 18. Ke2 Nc6 19. c3 Kc7 20. Rad1 Rd5 21. Ne3 Ra5 22.
b3 b5 23. axb5 axb5 24. Ra1 Rha8 25. Rxa5 Rxa5 26. Rc1 Ra3 27. b4 Rb3 28. Kd2 Ra3 29. Nc2 Ra8 30. Re1 Rf8 31. f3 Kd6 32. Na1 Kd5 33. Kc2 Ra8 34. Kb2 Kc4 35. Rd1 Ne7 36.
Nb3 Nc6 37. Rd6 Ra6 38. Nd2# 1-0

[Event "*** Titled Tuesday Blitz"]
[Site "Chess.com"]
[Date "2021.03.09"]
[Round "2"]
[White "Ladislav1969"]
[Black "VladimirPotkin"]
[Result "0-1"]
[WhiteElo "2324"]
[BlackElo "2625"]
[TimeControl "180+1"]
[EndTime "10:17:49 PST"]
[Termination "VladimirPotkin won by resignation"]

1. e4 c5 2. d4 cxd4 3. c3 dxc3 4. Nxc3 Nc6 5. Nf3 e6 6. Bf4 a6 7. Qd2 b5 8. Be2 Bb7 9. O-O Nge7 10. Bd6 Ng6 11. Bxf8 Rxf8 12. Ng5 h6 13. Nf3 Qe7 14.
Rfd1 O-O-O 15. Bxb5 axb5 16. Nxb5 d5 17. Rdc1 Kb8 18.
Qe3 dxe4 19. Qb6 Rd5 20. Rxc6 Rxb5 21. Qxb5 exf3 22. Rac1 Rd8 23. gxf3 Qg5+ 24. Kf1 Qxb5+ 0-1

[Event "*** Titled Tuesday Blitz"]
[Site "Chess.com"]
[Date "2021.03.09"]
[Round "2"]
[White "SchmakAttack"]
[Black "rachidhuilda"]
[Result "1-0"]
[WhiteElo "2574"]
[BlackElo "2305"]
[TimeControl "180+1"]
[EndTime "10:17:49 PST"]
[Termination "SchmakAttack won on time"]

1. e4 d5 2. exd5 Qxd5 3. Nc3 Qa5 4. d4 c6 5. Bd2 Nf6 6. Bc4 Bf5 7. Nd5 Qd8 8. Nxf6+ gxf6 9. Qf3 Bxc2 10. Rc1 Bg6 11. Ne2 e6 12. O-O Nd7 13. Rfe1 Be7 14. Nf4 Qc7 15.
Bxe6 fxe6 16. Nxe6 Qd6 17. Bf4 Qb4 18. a3 1-0

[Event "*** Titled Tuesday Blitz"]
[Site "Chess.com"]
[Date "2021.03.09"]
[Round "2"]
[White "shnitez"]
[Black "Vugar_Manafov"]
[Result "1-0"]
[WhiteElo "2499"]
[BlackElo "2669"]
[TimeControl "180+1"]
[EndTime "10:17:51 PST"]
[Termination "shnitez won by resignation"]

1. c4 Nf6 2. Nc3 e6 3. e4 d5 4.
e5 d4 5. exf6 dxc3 6. bxc3 Qxf6 7. d4 Bd6 8. Nf3 h6 9. Bd3 O-O 10. O-O e5 11. c5 Be7 12. Nxe5 Nd7 13. f4 Rd8 14. Qh5 Nf8 15. Be3 c6 16. Rf2 Qh4 17.
Qxf7+ Kh8 18. Ng6+ Nxg6 19. Qxg6 Kg8 20. Raf1 Bd7 21. Qh7+ Kf8 22. f5 Bf6 23. Bf4 Be8 24. Bd6+ Be7 25. Qh8+ Kf7 26. Bc4+ Kf6 27. Be5+ Kg5 28.
Qxg7+ Kh5 29. Be2+ 1-0

[Event "*** Titled Tuesday Blitz"]
[Site "Chess.com"]
[Date "2021.03.09"]
[Round "2"]
[White "Sibelephant"]
[Black "Vesper2018"]
[Result "1-0"]
[WhiteElo "3084"]
[BlackElo "2593"]
[TimeControl "180+1"]
[EndTime "10:17:53 PST"]
[Termination "Sibelephant won by resignation"]

1. d4 Nf6 2. c4 g6 3. Nc3 Bg7 4. e4 d6 5. Be2 O-O 6. h4 c5 7.
d5 a6 8. a4 Nbd7 9. h5 Ne5 10.
Nf3 Neg4 11. h6 Bh8 12. Bf4 Nh5 13. Bg5 f5 14. O-O f4 15. Re1 Bd7 16. e5 Nxe5 17. Nxe5 Bxe5 18. Bxh5 gxh5 19. Rxe5 dxe5 20. d6 Bg4 21. Qd5+ e6 22. Qxe5 Qd7 23. Be7 Rf7 24. Ne4 Rxe7 25. Nf6+ 1-0

[Event "*** Titled Tuesday Blitz"]
[Site "Chess.com"]
[Date "2021.03.09"]
[Round "2"]
[White "sakkikuska"]
[Black "IsuruAlahakoon"]
[Result "0-1"]
[WhiteElo "2459"]
[BlackElo "2301"]
[TimeControl "180+1"]
[EndTime "10:17:53 PST"]
[Termination "IsuruAlahakoon won by resignation"]

1. e4 d5 2. exd5 Qxd5 3. Nc3 Qa5 4. d4 Nf6 5. Bc4 Bg4 6. Ne2 Nc6 7. f3 Bh5 8. Bd2 O-O-O 9. Nd5 Qa4 10. b3 Qa3 11. Bc1 Qd6 12. Bf4 Qd7 13. Nxc7 e5 14. dxe5 Qxc7 15.
Qc1 Nd5 16. O-O Nxf4 17. Qxf4 Qxe5 18. Qh4 Bd6 19. Rfe1 Bg6 20. Ng3 Qc5+ 21. Kh1 Ne5 22. Ne4 Qc7 23. Nxd6+ Qxd6 24. Bb5 Kb8 25. a4 f6 26. a5 a6 27. Ba4 Qd4 28. Qg3 Ka8 29.
Rac1 h5 30. c3 Qd6 31. b4 h4 32. Qf4 Nd3 33. Qxd6 Rxd6 34. Rcd1 Nf2+ 0-1

[Event "*** Titled Tuesday Blitz"]
[Site "Chess.com"]
[Date "2021.03.09"]
[Round "2"]
[White "GM_LOADING"]
[Black "SaraciNderim"]
[Result "1-0"]
[WhiteElo "2540"]
[BlackElo "2791"]
[TimeControl "180+1"]
[EndTime "10:17:54 PST"]
[Termination "GM_LOADING won by checkmate"]

1. d4 Nf6 2. Nf3 e6 3. Bg5 d5 4. Nbd2 c5 5. e3 Nbd7 6. c3 Qb6 7. Rb1 Bd6 8. Bd3 O-O 9. O-O h6 10. Bh4 e5 11. Bxf6 gxf6 12. Nh4 Re8 13. Qg4+ Kh8 14. Qh5 Kg8 15. Bh7+ Kf8 16. Nf5 Re6 17. Qxh6+ Ke8 18.
Ng7+ Kd8 19. Bf5 Re7 20. Qh8+ Kc7 21. Ne8+ Kb8 22. Nxf6 Nxf6 23. Qxc8# 1-0

[Event "*** Titled Tuesday Blitz"]
[Site "Chess.com"]
[Date "2021.03.09"]
[Round "2"]
[White "Handszar"]
[Black "Shahaliyev"]
[Result "0-1"]
[WhiteElo "2361"]
[BlackElo "2639"]
[TimeControl "180+1"]
[EndTime "10:17:55 PST"]
[Termination "Shahaliyev won on time"]

1. e4 e5 2. Nf3 Nc6 3. Bc4 Nf6 4. d4 exd4 5. e5 d5 6. Bb5 Ne4 7. Nxd4 Bd7 8. Bxc6 bxc6 9. O-O Bc5 10. f3 Ng5 11.
Nc3 O-O 12. Be3 Rb8 13. Qd2 Ne6 14. Nxe6 Bxe3+ 15. Qxe3 Bxe6 16. Na4 d4 17. Qd2 Rb5 18.
f4 Bf5 19. Rad1 c5 20. c4 Rb4 21. Nxc5 Rxc4 22. Rc1 Qd5 23. Rxc4 Qxc4 24. Rc1 Qd5 25. b4 h5 26. h4 Rd8 27. a3 d3 28. Kh2 Kh7 29. Rc3 Qd4 30. Nb3 Qe4 31. Rxc7 Be6 32. Rc3 Qe2 0-1

[Event "*** Titled Tuesday Blitz"]
[Site "Chess.com"]
[Date "2021.03.09"]
[Round "2"]
[White "WiktoriaPOL"]
[Black "Nikolakis2014"]
[Result "0-1"]
[WhiteElo "2074"]
[BlackElo "2601"]
[TimeControl "180+1"]
[EndTime "10:17:56 PST"]
[Termination "Nikolakis2014 won on time"]

1. e4 e5 2. Nf3 Nc6 3. d4 exd4 4.
c3 d5 5. Bd3 dxe4 6. Bxe4 Nf6 7.
Bxc6+ bxc6 8. Qxd4 Ba6 9. Bg5 Be7 10. Nbd2 O-O 11. Qxd8 Bxd8 12. O-O-O Ng4 13. Be3 Nxe3 14. fxe3 Re8 15. Rhe1 c5 16. e4 Be7 17. Nf1 Rad8 18. Ng3 g6 19. Rxd8 Rxd8 20. Rd1 Re8 21. Kc2 Bb7 22. Rd7 Bd6 23. e5 Bc6 24. exd6 Bxd7 25.
dxc7 Rc8 26. Ne5 Rxc7 27. Ne4 Bf5 0-1

[Event "*** Titled Tuesday Blitz"]
[Site "Chess.com"]
[Date "2021.03.09"]
[Round "2"]
[White "Bigfish1995"]
[Black "Redzishchess"]
[Result "1-0"]
[WhiteElo "3091"]
[BlackElo "2366"]
[TimeControl "180+1"]
[EndTime "10:17:58 PST"]
[Termination "Bigfish1995 won by resignation"]

1. d4 Nf6 2. Bg5 Ne4 3. h4 h6 4. Bf4 c5 5. f3 Qa5+ 6. c3 Nf6 7. d5 Qb6 8. b3 c4 9. e4 Nh5 10. Be5 Qe3+ 11. Ne2 Qb6 12. Nd2 cxb3 13. axb3 d6 14. Bd4 Qc7 15. g4 Nf6 16. c4 Nbd7 17. Nc3 g6 18. Nb5 Qd8 19. f4 Bg7 20. e5 dxe5 21. fxe5 Nxg4 22. Qxg4 Nxe5 23. Qe2 Bg4 24. Qe3 Nf3+ 25. Nxf3 Bxf3 26. Qxf3 Bxd4 27. Nxd4 1-0

[Event "*** Titled Tuesday Blitz"]
[Site "Chess.com"]
[Date "2021.03.09"]
[Round "2"]
[White "Beca95"]
[Black "Smile2005"]
[Result "0-1"]
[WhiteElo "2874"]
[BlackElo "2377"]
[TimeControl "180+1"]
[EndTime "10:17:59 PST"]
[Termination "Smile2005 won by resignation"]

1. c4 g6 2. d4 Bg7 3. e4 d6 4. Nc3 Nf6 5. Be2 O-O 6. Be3 e5 7.
d5 a5 8. g4 c6 9. h4 cxd5 10.
cxd5 Na6 11. g5 Nd7 12. h5 a4 13. hxg6 fxg6 14. a3 Nac5 15. Nf3 Nb3 16. Rb1 Ndc5 17. Nd2 Nd4 18. Nf3 Nxe2 19. Qxe2 Bg4 20. Bxc5 dxc5 21. d6 Bxf3 22. Qc4+ Rf7 23. Rh3 Bg4 24. Rg3 Qd7 25. Nd5 Be6 26. Qxc5 Bxd5 27. Qxd5 Rf8 28. Rc1 Kh8 29. Rc7 Qe8 30. d7 Qd8 31. Rgc3 Qxg5 32.
Qxf7 Rxf7 33. Rc8+ Rf8 34. Rxf8+ Bxf8 35. Rc8 Qg1+ 36.
Kd2 Qxf2+ 37. Kc3 Qd4+ 38. Kc2 Qxd7 39. Rxf8+ Kg7 0-1

[Event "*** Titled Tuesday Blitz"]
[Site "Chess.com"]
[Date "2021.03.09"]
[Round "2"]
[White "IsaacWiebe"]
[Black "J36225"]
[Result "0-1"]
[WhiteElo "2284"]
[BlackElo "2491"]
[TimeControl "180+1"]
[EndTime "10:17:59 PST"]
[Termination "J36225 won by resignation"]

1. Nf3 Nf6 2. c4 g6 3. Nc3 Bg7 4. g3 O-O 5. Bg2 d6 6. O-O c6 7. d3 e5 8. Rb1 a5 9. a3 Re8 10. Bd2 d5 11. b4 axb4 12. axb4 e4 13. Ne1 e3 14. fxe3 dxc4 15. e4 Ng4 16. Nf3 cxd3 17. h3 Bd4+ 18. Nxd4 Qxd4+ 19. Kh1 Nf2+ 20. Rxf2 Qxf2 21. exd3 Qxg3 22. Be1 Qe3 23. Qd2 Qxd2 24. Bxd2 Be6 25. b5 Nd7 26. bxc6 bxc6 27. e5 Nxe5 28. Ne4 Kg7 29. Bc3 f6 30. Rf1 Bf5 31. Nxf6 Kxf6 32. Bxc6 Rac8 33. Bxe8 Rxc3 0-1

[Event "*** Titled Tuesday Blitz"]
[Site "Chess.com"]
[Date "2021.03.09"]
[Round "2"]
[White "bazar-wokzal"]
[Black "Homyakova_Elena"]
[Result "1-0"]
[WhiteElo "2474"]
[BlackElo "2259"]
[TimeControl "180+1"]
[EndTime "10:17:59 PST"]
[Termination "bazar-wokzal won on time"]

1. e4 c5 2. c3 d5 3. exd5 Qxd5 4. d4 Nc6 5. Nf3 Bg4 6. Be2 e6 7. h3 Bh5 8. c4 Qd7 9. g4 Bg6 10. d5 Nb4 11. Ne5 Qc7 12. Qa4+ Ke7 13. Nxg6+ hxg6 14. dxe6 fxe6 15. Nc3 Nf6 16. Be3 Kf7 17. O-O-O Be7 18.
a3 Nc6 19. Qc2 Rad8 20. Kb1 Rxd1+ 21. Nxd1 Nd4 22. Bxd4 cxd4 23. Bd3 Nxg4 24. Bxg6+ Kf8 25. Qe4 Nf6 26. Qxe6 Bd6 27. Re1 Qe7 28. Qc8+ 1-0